 Dungeon Crawl Stone Soup version 0.29.1-15-g9cfb28693d (webtiles) character file.

Game seed: 7843927477060290835

1719 Heoruswealwe the Thaumaturge (level 8, 0/41 HPs)
             Began as a Deep Elf Earth Elementalist on Apr 14, 2023.
             Was a Follower of Vehumet.
             Slain by a wight
             ... wielding a +1 vampiric spear
              (7 damage)
             ... on level 6 of the Dungeon.
             The game lasted 00:43:09 (4090 turns).

Heoruswealwe the Thaumaturge (DEEE)                 Turns: 4090, Time: 00:43:10

Health: 0/41       AC:  7    Str:  5    XL:     8   Next: 75%
Magic:  19/24      EV: 12    Int: 23    God:    Vehumet [*.....]
Gold:   324        SH:  0    Dex: 15    Spells: 18/28 levels left

rFire   + . .      SeeInvis .   (no weapon)
rCold   + . .      Faith    .   (no shield)
rNeg    . . .      Spirit   .   a - +0 robe
rPois   .          Reflect  .   m - +2 helmet
rElec   .          Harm     .   C - scarf {rC+ rF+}
rCorr   .          Rampage  .   t - +0 pair of gloves
Will    .....                   j - +0 pair of boots
Stlth   ++........              (no amulet)
HPRegen 0.13/turn               H - ring of wizardry
MPRegen 0.19/turn               (no ring)

@: studying Staves
A: no striking features
a: Renounce Religion


You were on level 6 of the Dungeon.
You worshipped Vehumet.
Vehumet was aware of your devotion.
You visited 2 branches of the dungeon, and saw 7 of its levels.

You collected 324 gold pieces.

Inventory:

Hand Weapons
 J - the +8 shortbow "Tunt" {venom, Str+2 Int+2 Stlth+}
   (You found it on level 4 of the Dungeon)

   Any ammunition fired from it poisons the flesh of those it strikes.
   Str:       It affects your strength (+2).
   Int:       It affects your intelligence (+2).
   Stlth:     It makes you more stealthy.
Armour
 a - a +0 robe (worn)
 h - a +0 robe
 i - a +0 robe
 j - a +0 pair of boots (worn)
 k - a +0 robe
 l - a +0 animal skin
 m - a +2 helmet (worn)
 t - a +0 pair of gloves (worn)
 z - a +0 robe
 C - a scarf of resistance (worn)
 D - a +0 robe
 F - a +0 robe
 K - a +0 robe
Jewellery
 H - a ring of wizardry (left hand)
Wands
 c - a wand of iceblast (12)
 G - a wand of light (12)
Scrolls
 f - 3 scrolls of magic mapping
 g - a scroll of noise {unknown}
 o - a scroll of enchant armour {unknown}
 r - 2 scrolls of amnesia {unknown}
 s - a scroll of fog {unknown}
 u - a scroll of teleportation {unknown}
 w - a scroll of poison {unknown}
 y - a scroll of blinking {unknown}
 I - 2 scrolls of fear {unknown}
Potions
 b - a potion of magic
 d - a potion of brilliance {unknown}
 e - a potion of lignification {unknown}
 p - a potion of invisibility {unknown}
 q - 3 potions of haste {unknown}
 v - a potion of heal wounds {unknown}
 x - 2 potions of flight {unknown}
 A - 2 potions of might {unknown}
 B - a potion of resistance {unknown}
 E - a potion of degeneration {unknown}


   Skills:
 - Level 2.4 Dodging
 - Level 2.4 Stealth
 + Level 10.8 Spellcasting
 - Level 1.1 Transmutations
 + Level 9.3 Earth Magic


You had 18 spell levels left.
You knew the following spells:

 Your Spells              Type           Power      Damage    Failure   Level
a - Sandblast             Erth           100%       2d20      1%          1
b - Stone Arrow           Conj/Erth      66%        3d11      1%          3
c - Petrify               Tmut/Erth      36%        N/A       2%          4
z - Passwall              Tmut/Erth      30%        N/A       1%          2

Your spell library contained the following spells:

 Spells                   Type           Power      Damage    Failure   Level
 Freeze                   Ice            48%        1d7       2%          1
 Poisonous Vapours        Pois/Air       24%        N/A       3%          2
 Confusing Touch          Hex            12%        N/A       6%          3
 Ignite Poison            Fire/Tmut/Pois 14%        N/A       6%          3
 Corpse Rot               Necr/Pois/Air  12%        N/A       21%         4
 Yara's Violent Unravell  Hex/Tmut       7%         3d5       41%         5
 Agony                    Necr           12%        N/A       47%         5
 Enfeeble                 Hex            6%         N/A       100%        7


Dungeon Overview and Level Annotations

Branches:
Dungeon (6/15)             Temple (1/1) D:5

Altars:
Ashenzari
Cheibriados
Dithmenos
Elyvilon
Fedhas
Gozag
Hepliaklqana
Kikubaaqudgha
Makhleb
Nemelex Xobeh
Qazlal
Ru
Sif Muna
Trog
Uskayaw
Vehumet
Wu Jian
Xom
Yredelemnul
Zin
The Shining One

Shops:
D:2 [


Message History

You feel better. The wight closely misses you.
The wight hits you from afar with a +0 spear.
The wight attacks as you move away! The wight misses you.
You see here a +0 falchion.
Casting: Sandblast (safe; 1% risk of failure)
Confirm with . or Enter, or press ? or * to list all spells.
Aiming: Sandblast (safe; 1% risk of failure)
Press: ? - help, Shift-Dir - straight line, f/p - wight
Aim: a wight, wielding a +0 battleaxe and wearing a +0 robe (severely damaged, 85% to hit)
The blast of sand hits the wight!
You destroy the wight!
Vehumet accepts your kill.
The wight hits you from afar with a +0 spear.
* * * LOW HITPOINT WARNING * * *
Your life force feels restored.
Casting: Sandblast (safe; 1% risk of failure)
Confirm with . or Enter, or press ? or * to list all spells.
Aiming: Sandblast (safe; 1% risk of failure)
Press: ? - help, Shift-Dir - straight line, f - wight
Aim: a wight, wielding a +0 spear and wearing a +0 robe (85% to hit)
The blast of sand hits the wight!!
You destroy the wight!
Vehumet accepts your kill.
The wight hits you from afar with a +1 vampiric spear.
* * * LOW HITPOINT WARNING * * *
Casting: Sandblast (safe; 1% risk of failure)
Confirm with . or Enter, or press ? or * to list all spells.
Aiming: Sandblast (safe; 1% risk of failure)
Press: ? - help, Shift-Dir - straight line, f - wight
Aim: a wight, wielding a +1 vampiric spear and wearing a +0 robe (85% to hit)
The blast of sand misses the wight.
The wight hits you but does no damage.
Casting: Sandblast (safe; 1% risk of failure)
Confirm with . or Enter, or press ? or * to list all spells.
Aiming: Sandblast (safe; 1% risk of failure)
Press: ? - help, Shift-Dir - straight line, f/p - wight
Aim: a wight, wielding a +1 vampiric spear and wearing a +0 robe (85% to hit)
The blast of sand hits the wight!
The wight is heavily damaged.
The wight hits you from afar with a +1 vampiric spear!
You die...

..<#.###...###
##...###.##
.....#.##...##
#.<###...#
####..#.###...###
##.##..... .. #.#
###...### #)#...... ..
#.# ###...# #))..._..
#.# #.#..####.#......
#.# #.......#.##.....
#.###########.#..##...#
#.....@)z...#.######.##
##########.##..........
....zz...#####.#####
....z.z..# # .........#
##########


You could see a wight.

Vanquished Creatures
  Edmund (D:4)
  A sky beast (D:6)
  An ice beast (D:6)
  A black bear (D:6)
  4 ogres
  The ghost of PejaSLU the Conjurer, an amateur DECj (D:3)
  2 necrophages
  2 scorpions
  3 wights (D:6)
  4 orc priests
  3 hounds (D:5)
  2 orc wizards
  Robin (D:2)
  4 gnolls (D:4)
  9 adders
  3 worms
  2 dart slugs
  20 orcs
  6 bats
  8 endoplasms
  4 giant cockroaches
  13 goblins
  13 hobgoblins
  3 quokkas
  4 ball pythons
  2 frilled lizards
  4 kobolds
  6 rats
127 creatures vanquished.

Vanquished Creatures (others)
  7 plants (D:6)
7 creatures vanquished.

Grand Total: 134 creatures vanquished

Notes
Turn   | Place    | Note
-------+----------+-------------------------------------------
     0 | D:1      | Heoruswealwe the Deep Elf Earth Elementalist began the
                  | quest for the Orb.
     0 | D:1      | Reached XP level 1. HP: 10/10 MP: 6/6
   297 | D:1      | Reached XP level 2. HP: 15/15 MP: 3/8
   300 | D:1      | Learned a level 2 spell: Passwall
   724 | D:1      | Reached skill level 4 in Spellcasting
   949 | D:2      | Reached XP level 3. HP: 19/19 MP: 7/10
   953 | D:2      | Learned a level 3 spell: Stone Arrow
  1011 | D:2      | Noticed Robin
  1013 | D:2      | Killed Robin
  1146 | D:2      | Reached XP level 4. HP: 24/24 MP: 10/12
  1151 | D:2      | Learned a level 4 spell: Petrify
  1314 | D:2      | Found Exothrosm's Armour Shop.
  1555 | D:3      | Reached skill level 5 in Spellcasting
  1592 | D:3      | Found a runed translucent gate.
  1592 | D:3      | Noticed PejaSLU's ghost (amateur DECj)
  1593 | D:3      | Found a runed translucent gate.
  1594 | D:3      | Found a runed translucent gate.
  1648 | D:3      | Reached skill level 5 in Earth Magic
  1701 | D:3      | Reached XP level 5. HP: 16/28 MP: 8/14
  1712 | D:3      | Killed PejaSLU's ghost
  1824 | D:3      | Found a sparkling altar of Nemelex Xobeh.
  2022 | D:3      | Reached skill level 6 in Spellcasting
  2032 | D:3      | Reached XP level 6. HP: 25/32 MP: 6/17
  2072 | D:3      | Got the Cyclopedia of Grisly Kindling
  2187 | D:4      | Reached skill level 7 in Spellcasting
  2333 | D:4      | Reached XP level 7. HP: 36/36 MP: 16/20
  2705 | D:4      | Noticed Edmund
  2712 | D:4      | Killed Edmund
  2713 | D:4      | Reached skill level 8 in Spellcasting
  2862 | D:4      | Identified the +8 shortbow "Tunt" {venom, Str+2 Int+2
                  | Stlth+}
  3033 | D:5      | Entered Level 5 of the Dungeon
  3303 | D:5      | Found a staircase to the Ecumenical Temple.
  3307 | Temple   | Entered the Ecumenical Temple
  3315 | Temple   | Became a worshipper of Vehumet
  3394 | D:5      | Reached skill level 9 in Spellcasting
  3396 | D:5      | Reached XP level 8. HP: 33/41 MP: 17/23
  3621 | D:6      | Found a blossoming altar of Fedhas.
  3689 | D:6      | Found an ornate altar of the Wu Jian Council.
  3758 | D:6      | Reached skill level 10 in Spellcasting
  3912 | D:6      | Found a glowing golden altar of the Shining One.
  4082 | D:6      | Reached * piety under Vehumet
  4082 | D:6      | Offered knowledge of Freeze by Vehumet.
  4090 | D:6      | Slain by a wight

Illustrated notes

Levels and vault maps discovered:
D:1:      lightli_arrival_statue_moat, layout_loops_corners
D:2:      layout_rooms, serial_shops, shop, uniq_robin
D:3:      layout_rooms, nemelex_altar_shiori, biasface_ghost_orc_armoury
D:4:      layout_layer_cave, uniq_edmund
D:5:      layout_rooms, temple_hall_moat, hex_tiny, minmay_manual_monstrance
D:6:      layout_basic, lemuel_round_altar, tso_oasis_becter,
          mainiacjoe_overflow_tiny_flanked, serial_curves, eino_curves_02,
          eino_curves_03, eino_curves_04
Temple:   sentei_temple_godly_chess

Skill      XL: |  1  2  3  4  5  6  7  8 |
---------------+-------------------------+-----
Spellcasting   | 4 5 6 7 9 10 | 10.8
Earth Magic    | 4 5 6 8 9 |  9.3
Dodging        | |  2.4
Stealth        | |  2.4
Transmutations | |  1.1

Action                   |  1- 3 |  4- 6 |  7- 9 || total
-------------------------+-------+-------+-------++-------
Melee: Unarmed           |       |       |    31 ||    31
       Punch             |       |       |     1 ||     1
 Fire: Shortbow          |       |       |     2 ||     2
 Cast: Sandblast         |    56 |    70 |    70 ||   196
       Passwall          |       |       |     1 ||     1
  Use: Potion            |       |     4 |     1 ||     5
       Scroll            |       |       |     4 ||     4
Armor: Robe              |     2 |     7 |    12 ||    21
Dodge: Dodged            |    10 |    17 |    24 ||    51
